Description

Notes :

Don't use chronoboosts on your economy First gate at 15 and second at 15 Cut your probes production at 15 Send your scouting probe after the first gateway Proxy nexus as soon as your reach your opponent base Zealot, pylone then never stop zealots production (chronoboost) Take your gas to regroup all your probes and recall when you have 5 zealots Enjoy! (and don't forget to circle every bunker)

VOD

https://youtu.be/tTmaDLWAlWc

Replay - Ariez v zuka - Deathaura LE

Build Order

Get SALT Encoding   

  12  0:00  Probe  
  13  0:12  Probe  
  14  0:16  Pylon  
  14  0:24  Probe  
  15  0:36  Gateway  
  15  0:46  Gateway  
  15  1:16  Nexus  
  15  1:23  Zealot (Chrono Boost)  
  17  1:37  Zealot (Chrono Boost)  
  19  1:45  Zealot (Chrono Boost), Pylon  
  23  1:55  Zealot (Chrono Boost)  
  23  2:02  Probe  
  23  2:07  Zealot (Chrono Boost)  
  26  2:08  Assimilator  
  26  2:15  Probe  
  27  2:24  Assimilator  
  27  2:30  Probe  
  28  2:42  Probe  
  29  2:54  Probe  
Spawning Tool Build Advisor. Get it on Overwolf

Go to:

Details

  • Created by: zuka      
  • Published on: Aug 14, 2020
  • Modified on: Aug 14, 2020
  • Patch: 4.11.0
  • Difficulty: Easy
Show
View Real Time Build Order
Export as new Build Order

Comments (1)

On Sept. 27, 2020, 11:41 a.m., razorsharp11  said:

WOW now that's a really unexpected cheese hahah

Create an account to comment!